 Dungeon Crawl Stone Soup version 0.20.0-8-g6b59dc7 (webtiles) character file.

14483 kraftydee the Brawler (level 11, -2/104 HPs)
             Began as a Troll Berserker on May 30, 2017.
             Was a High Priest of Trog.
             Killed by the air
             ... invoked by a wind drake
              (12 damage)
             ... on level 1 of the Shoals.
             The game lasted 00:28:40 (8799 turns).

kraftydee the Brawler (Troll Berserker)             Turns: 8799, Time: 00:28:41

Health: -2/104     AC:  5    Str: 28    XL:     11   Next: 89%
Magic:  10/10      EV: 13    Int:  1    God:    Trog [*****.]
Gold:   706        SH:  0    Dex: 11    Spells: 10/10 levels left

rFire    + + .     SeeInvis .     - Unarmed
rCold    . . .     Gourm    +   (no shield)
rNeg     . . .     Faith    .   a - +0 animal skin
rPois    .         Spirit   .   (helmet restricted)
rElec    .         Reflect  .   B - scarf {rC+ rF+}
rCorr    .         Harm     .   (gloves unavailable)
MR       .....                  (boots unavailable)
Stlth    ++........             C - amulet of the gourmand
Regen    0.7/turn               G - ring of fire
MPRegen  0.2/turn               v - ring of flight

@: berserk cooldown, slowed, very slow
A: unfitting armour, claws 3, dopey 1, fast metabolism 3, gourmand, regeneration
1, shaggy fur 1, tough skin 2
a: Berserk, Trog's Hand, Brothers in Arms, Burn Spellbooks, Renounce Religion,
Evoke Flight


You were on level 1 of the Shoals.
You worshipped Trog.
Trog was extremely pleased with you.
You were not hungry.

You visited 3 branches of the dungeon, and saw 12 of its levels.

You collected 706 gold pieces.

Inventory:

Missiles
 E - 2 poisoned javelins (quivered)
Armour
 a - a +0 animal skin (worn)
 u - a +0 cloak
 B - a scarf of resistance (worn)
Jewellery
 k - an uncursed ring of magical power
 v - a ring of flight (right claw)
 C - an amulet of the gourmand (around neck)
 G - a ring of fire (left claw)
Wands
 g - a wand of enslavement (14/24)
 j - a wand of confusion (19/48)
 p - a wand of clouds (9/9)
 s - a wand of enslavement (14/24)
 t - a wand of random effects (23/48)
 A - a wand of polymorph (13/24)
 D - a wand of disintegration (18/24)
 F - a wand of lightning (2/15)
Scrolls
 c - 8 scrolls of identify
 d - 3 scrolls of immolation
 h - 6 scrolls of remove curse
 l - 2 scrolls of noise
 r - 4 scrolls of teleportation
 y - a scroll of blinking
 z - a scroll of enchant weapon
Potions
 e - a potion of curing
 f - a potion of magic
 i - a potion of might
 m - 3 potions of agility
 n - a potion of lignification
 q - 2 potions of heal wounds
 w - a potion of cancellation
 H - a potion of flight
 I - 2 potions of brilliance
Comestibles
 b - 3 bread rations
 o - 4 meat rations
 x - 2 royal jellies


   Skills:
 + Level 5.6 Fighting
 + Level 0.1 Throwing
 + Level 7.1 Dodging
 + Level 3.4 Stealth
 + Level 15.1 Unarmed Combat
 + Level 0.2 Evocations


You had 10 spell levels left.
You didn't know any spells.

Dungeon Overview and Level Annotations

Branches:
Dungeon (9/15)             Temple (0/1) D:4            Lair (2/6) D:9
 Shoals (1/4) Lair:2       Spider (0/4) Lair:2
    Orc: D:9-12

Altars:
Elyvilon
Kikubaaqudgha
Trog
Vehumet
Xom
The Shining One

Shops:
D:4 !!*}

Annotations:
Lair:2 exclusion: 2 oklob plants


Innate Abilities, Weirdness & Mutations

You are too large for most types of armour.
You have claws for hands.
Your metabolism is lightning-fast.
You like to eat raw meat.
Your natural rate of healing is unusually fast.
You are covered in fur. (AC +1)
You have very tough skin. (AC +2)
You are dopey. (Int -2)


Message History

Trog accepts your kill.
You see here a harpy corpse.
You feel a strong urge to attack something.
The wind drake exhales a fierce blast of wind!
You feel your anger subside.
You are no longer berserk.
You are exhausted.
You feel yourself slow down.
There is a stone staircase leading down here.
The wind drake flaps its wings at you. The air twists around and strikes you!
* * * LOW HITPOINT WARNING * * *
The wind drake exhales a fierce blast of wind!
You stop descending the stairs.
You are blown backwards!
The wind drake bites you!
* * * LOW HITPOINT WARNING * * *
The merfolk completely misses you. The wind drake flaps its wings at you.
The air twists around and strikes you!
You die...

..≈..≈≈≈...........≈.≈≈≈.
............)(.....≈≈≈≈≈.
.≈.>.....<..≈........≈≈≈≈
.≈....≈≈....≈......[≈≈.≈≈≈
#≈≈...≈≈....≈≈.....≈≈≈≈≈≈≈
.≈≈≈...≈...≈≈....^≈≈≈≈≈≈≈≈
..≈≈≈.....≈≈≈......≈≈≈≈≈≈≈
.≈.≈≈.....≈≈.....[.≈≈≈≈≈≈≈
...≈≈.....≈≈....@..≈≈≈≈≈≈≈
≈≈≈≈≈≈...≈≈≈.###km..≈≈....
≈≈≈≈≈.≈............
....≈......†..P....
≈..≈..≈≈≈....P..##
...≈≈≈≈..††.P###
.≈≈≈≈≈≈.....##
..≈≈≈≈≈≈....P#
...≈≈≈≈.≈.....#


You could see a wind drake and a merfolk.

Vanquished Creatures
  2 two-headed ogres
  Sonja (Lair:1)
  Pikel (D:8)
  4 harpies (Shoals:1)
  A manticore (Shoals:1)
  2 black mambas
  5 spiny frogs
  2 komodo dragons
  The ghost of Cactus the Firebug, an amateur DrFE (D:4)
  A snapping turtle (Lair:2)
  3 hippogriffs (Lair:2)
  Sigmund (D:3)
  2 redbacks (Lair:2)
  A wraith (D:7)
  A wyvern (Lair:1)
  A human (D:8)
  A basilisk (Lair:1)
  12 yaks
  3 hogs (D:8)
  A water moccasin (Lair:2)
  2 porcupines
  An orc warrior (D:7)
  A phantom (D:5)
  2 sky beasts
  A slave (D:8)
  2 ogres
  3 centaurs
  3 crocodiles
  A big kobold (D:9)
  9 bullfrogs
  2 scorpions
  A water moccasin zombie (D:5)
  A wyvern skeleton (D:6)
  A water moccasin skeleton (D:6)
  A howler monkey (D:5)
  2 electric eels (Lair:2)
  5 crimson imps
  A centaur zombie (D:6)
  A quasit (D:5)
  A bullfrog zombie (D:6)
  4 hounds
  5 orc priests
  2 centaur skeletons
  4 orc wizards
  A bullfrog skeleton (D:4)
  5 worker ants
  3 hound zombies
  A hound skeleton (D:6)
  A worker ant zombie (D:6)
  7 adders
  A howler monkey skeleton (D:4)
  A shadow imp (D:6)
  An adder skeleton (D:6)
  2 adder zombies (D:6)
  3 worms
  4 leopard geckos
  15 orcs
  15 bats
  6 goblins
  13 hobgoblins
  11 jackals (D:1)
  2 ball pythons
  6 frilled lizards
  A giant cockroach zombie (D:6)
  11 kobolds
  6 rats
218 creatures vanquished.

Vanquished Creatures (others)
  2 orcs
2 creatures vanquished.

Grand Total: 220 creatures vanquished

Notes
Turn   | Place    | Note
-------+----------+-------------------------------------------
     0 | D:1      | kraftydee the Troll Berserker began the quest for the Orb.
     0 | D:1      | Reached XP level 1. HP: 22/22 MP: 0/0
   170 | D:1      | Reached XP level 2. HP: 29/29 MP: 1/1
   380 | D:1      | Reached XP level 3. HP: 36/36 MP: 2/2
   385 | D:1      | Reached ** piety under Trog
   672 | D:2      | Found a white marble altar of Elyvilon.
   959 | D:2      | Reached skill level 4 in Unarmed Combat
  1332 | D:3      | Reached XP level 4. HP: 37/44 MP: 3/3
  1400 | D:3      | Noticed Sigmund
  1411 | D:3      | Killed Sigmund
  1411 | D:3      | Reached skill level 5 in Unarmed Combat
  1411 | D:3      | Reached XP level 5. HP: 51/52 MP: 4/4
  1937 | D:4      | Reached XP level 6. HP: 58/59 MP: 5/5
  1945 | D:4      | Reached skill level 6 in Unarmed Combat
  1982 | D:4      | Found Peaq's Distillery.
  2023 | D:4      | Found Kiuvuaw's Gadget Boutique.
  2120 | D:4      | Noticed Cactus's ghost (amateur DrFE)
  2132 | D:4      | Killed Cactus's ghost
  2132 | D:4      | Reached XP level 7. HP: 53/67 MP: 6/6
  2201 | D:4      | Found Hyicsid's Elemental Accessories.
  2213 | D:4      | Reached skill level 7 in Unarmed Combat
  2214 | D:4      | Reached *** piety under Trog
  2283 | D:4      | Found Folasip's Distillery.
  2386 | D:4      | Found a bloodstained altar of Trog.
  2394 | D:4      | Found a radiant altar of Vehumet.
  2397 | D:4      | Found a glowing golden altar of the Shining One.
  2433 | D:4      | Found a staircase to the Ecumenical Temple.
  2574 | D:5      | Entered Level 5 of the Dungeon
  2598 | D:5      | Reached skill level 1 in Stealth
  2849 | D:5      | Reached XP level 8. HP: 75/75 MP: 7/7
  2852 | D:5      | Reached skill level 8 in Unarmed Combat
  2879 | D:5      | Gained mutation: You are dopey. (Int -2) [mutagenic meat]
  3590 | D:6      | Reached skill level 9 in Unarmed Combat
  3650 | D:6      | Reached **** piety under Trog
  4404 | D:7      | Reached XP level 9. HP: 84/84 MP: 8/8
  4460 | D:7      | Noticed a two-headed ogre
  4470 | D:7      | Killed a two-headed ogre
  4470 | D:7      | Reached skill level 10 in Unarmed Combat
  4687 | D:7      | Reached skill level 5 in Dodging
  4880 | D:7      | Reached skill level 11 in Unarmed Combat
  5309 | D:8      | Noticed Pikel
  5320 | D:8      | Killed Pikel
  5320 | D:8      | Reached ***** piety under Trog
  5325 | D:8      | Reached skill level 12 in Unarmed Combat
  5325 | D:8      | Reached XP level 10. HP: 92/92 MP: 9/9
  5927 | D:8      | Found a shimmering altar of Xom.
  5929 | D:8      | Found a blossoming altar of Fedhas.
  5929 | D:8      | Found an ancient bone altar of Kikubaaqudgha.
  5931 | D:8      | Found a burning altar of Makhleb.
  5931 | D:8      | Found an ancient bone altar of Kikubaaqudgha.
  5931 | D:8      | Found a shimmering altar of Xom.
  6002 | D:9      | Found a staircase to the Lair.
  6010 | D:9      | Noticed a two-headed ogre
  6023 | D:9      | Killed a two-headed ogre
  6055 | Lair:1   | Entered Level 1 of the Lair of Beasts
  6055 | Lair:1   | Noticed a spiny frog
  6063 | Lair:1   | Killed a spiny frog
  6103 | Lair:1   | Reached skill level 13 in Unarmed Combat
  6285 | Lair:1   | Noticed a black mamba
  6293 | Lair:1   | Killed a black mamba
  6295 | Lair:1   | Received a gift from Trog
  6365 | Lair:1   | Noticed a spiny frog
  6375 | Lair:1   | Killed a spiny frog
  6645 | Lair:1   | Noticed Sonja
  6650 | Lair:1   | Killed Sonja
  6650 | Lair:1   | Reached XP level 11. HP: 101/101 MP: 10/10
  7348 | Lair:2   | Found a hole to the Spider Nest.
  7355 | Lair:2   | Reached skill level 5 in Fighting
  7448 | Lair:2   | Reached skill level 14 in Unarmed Combat
  7574 | Lair:2   | Noticed an oklob plant
  7574 | Lair:2   | Noticed an oklob plant
  8601 | Lair:2   | Found a staircase to the Shoals.
  8686 | Shoals:1 | Entered Level 1 of the Shoals
  8778 | Shoals:1 | Noticed a harpy
  8780 | Shoals:1 | Noticed a harpy
  8782 | Shoals:1 | Noticed a harpy
  8782 | Shoals:1 | Noticed a harpy
  8784 | Shoals:1 | Killed a harpy
  8787 | Shoals:1 | Killed a harpy
  8787 | Shoals:1 | Reached skill level 15 in Unarmed Combat
  8789 | Shoals:1 | Killed a harpy
  8791 | Shoals:1 | Killed a harpy
  8799 | Shoals:1 | Killed from afar by a wind drake

Skill      XL: |  1  2  3  4  5  6  7  8  9 10 11 |
---------------+----------------------------------+-----
Unarmed Combat | 4 5 6 7 9 12 13 15 | 15.1
Dodging        | 3 4 5 7 |  7.1
Fighting       | 3 4 5 |  5.6
Stealth        | 1 2 3 |  3.4
Throwing       | |  0.1
Evocations     | |  0.2

Action                   |  1- 3 |  4- 6 |  7- 9 | 10-12 || total
-------------------------+-------+-------+-------+-------++-------
Melee: Unarmed           |    92 |    59 |   227 |   227 ||   605
       Punch             |     1 |     2 |     9 |    15 ||    27
Throw: Javelin           |       |       |       |     1 ||     1
Invok: Berserk           |     3 |     2 |     9 |    10 ||    24
       Burn Spellbooks   |       |       |     3 |     2 ||     5
       Trog's Hand       |       |       |       |     1 ||     1
 Abil: Evoke Flight      |       |       |       |     1 ||     1
  Use: Scroll            |       |       |     6 |     3 ||     9
       Potion            |       |       |    10 |     2 ||    12
 Stab: Sleeping          |       |     1 |     3 |       ||     4
  Eat: Chunk             |     8 |    11 |    19 |    18 ||    56
       Bread ration      |     1 |       |     4 |     2 ||     7
       Royal jelly       |       |       |     1 |     4 ||     5
       Meat ration       |       |       |       |     1 ||     1
Armor: Animal skin       |    48 |    15 |    53 |    49 ||   165
Dodge: Dodged            |    58 |    35 |    91 |   132 ||   316
